 Dungeon Crawl Stone Soup version 0.18.1-50-g88ac8fd (console) character file.

3260 Kloppie the Grappler (level 9, -7/70 (71) HPs)
             Began as a Demonspawn Berserker on Oct 23, 2016.
             Was a High Priest of Trog.
             Mangled by a troll (8 damage)
             ... on level 9 of the Dungeon.
             The game lasted 00:09:40 (6235 turns).

Kloppie the Grappler (Demonspawn Berserker)         Turns: 6235, Time: 00:09:41

HP:   -7/70 (71)    AC: 12    Str: 22    XL:     9   Next: 68%
MP:   9/9           EV:  8    Int:  8    God:    Trog [*****.]
Gold: 539           SH:  0    Dex: 12    Spells: 0 memorised, 8 levels left

rFire  . . .     SeeInvis .       - Unarmed
rCold  + . .     Gourm    .     s - +0 chain mail {rC+}
rNeg   . . .     Faith    .     (no shield)
rPois  .         Spirit   .     (no helmet)
rElec  .         Dismiss  .     (no cloak)
rCorr  .         Reflect  .     (gloves unavailable)
SustAt .         Harm     .     y - +1 pair of boots
MR     .....                    m - amulet of inaccuracy (curse)
Stlth  ..........               (no ring)
                                b - ring of loudness (curse)

@: lethally poisoned (-7 -> -12), not resistant to hostile enchantments,
extremely unstealthy
A: claws 3, demonic guardian 1, spiny 1
a: Berserk, Trog's Hand, Brothers in Arms, Burn Spellbooks, Renounce Religion


You were on level 9 of the Dungeon.
You worshipped Trog.
Trog was extremely pleased with you.
You were not hungry.

You visited 1 branch of the dungeon, and saw 9 of its levels.

You collected 539 gold pieces.

Inventory:

Hand Weapons
 a - a +0 falchion
Armour
 s - a +0 chain mail of cold resistance (worn)
 y - a +1 pair of boots (worn)
Jewellery
 b - a cursed ring of loudness (left claw)
 h - an uncursed ring of stealth {unknown}
 k - an uncursed ring of sustain attributes {unknown}
 m - a cursed amulet of inaccuracy (around neck)
 o - an uncursed amulet of the gourmand {unknown}
 w - an uncursed ring of magical power {unknown}
Wands
 q - a wand of flame (18/48)
 x - a wand of lightning (9/15)
 B - a wand of iceblast (8/15)
 D - a wand of disintegration (18/24)
Scrolls
 e - 2 scrolls of identify
 i - 5 scrolls of teleportation
 j - a scroll of enchant armour
 p - a scroll of recharging
Potions
 d - 2 potions of lignification
 g - 2 potions of brilliance
 l - a potion of ambrosia
 n - 2 potions of agility
 t - a potion of flight
 u - a potion of cancellation
 z - a potion of haste
Books
 C - a book of Frost

   Spells                             Type                      Level
   a - Freeze                         Ice                          1
   b - Throw Frost                    Conjuration/Ice              2
   c - Ozocubu's Armour               Charms/Ice                   3
   d - Throw Icicle                   Conjuration/Ice              4
   e - Summon Ice Beast               Ice/Summoning                4
   Trog disapproves of the use of such an item.
Comestibles
 c - 10 bread rations
 f - 3 meat rations
 r - a slice of pizza
 v - a beef jerky
 A - 9 chunks of flesh


   Skills:
 + Level 6.6 Fighting
 - Level 3.2 Long Blades
 - Level 7.2 Armour
 - Level 1.7 Dodging
 + Level 8.6 Unarmed Combat


You had 8 spell levels left.
You didn't know any spells.

Dungeon Overview and Level Annotations

Branches:
Dungeon (9/15)             Temple (0/1) D:5            Lair (0/8) D:8
    Orc: D:9-12

Altars:
Ru
Zin


Innate Abilities, Weirdness & Mutations

You have claws for hands.
A weak demonic guardian rushes to your aid.
You are partially covered in sharp spines.


Message History

The killer bee stings you.
* * * LOW HITPOINT WARNING * * *
The troll bites you!
* * * LOW HITPOINT WARNING * * *
The troll barely misses you. The troll claws you.
* * * LOW HITPOINT WARNING * * *
The killer bee stings you.
* * * LOW HITPOINT WARNING * * *
You are lethally poisoned!
The killer bee poisons you!
Drink which item? (? for menu, Esc to quit)
Okay, then.
* * * LOW HITPOINT WARNING * * *
You feel sick.
The killer bee is struck by your spines.
The killer bee stings you.
* * * LOW HITPOINT WARNING * * *
The killer bee stings you but does no damage.
The troll bites you but does no damage. The troll claws you!
You die...

#.. ##.# #..# #..#
#..# #..# .
.######))##+###...
.........y........
.......<.@yy......
#####+####T#......
..# ..... ...#
.... ###.# ... #.#
.. #.# . #..


You could see a troll and 3 killer bees.

Vanquished Creatures
  The ghost of fino the Skirmisher, a novice GrFi of Okawaru (D:4)
  A spriggan (D:8)
  Edmund (D:5)
  A water moccasin (D:8)
  2 hell hounds (D:8)
  A sky beast (D:6)
  A necrophage (D:8)
  An orc warrior (D:6)
  An ogre (D:5)
  A giant frog (D:6)
  3 scorpions
  8 killer bees
  5 wights (D:3)
  4 crimson imps
  A giant frog zombie (D:6)
  An orc priest (D:3)
  2 hounds
  A jelly (D:7)
  A giant frog skeleton (D:8)
  An iguana (D:6)
  8 orc wizards
  7 worker ants
  A hound zombie (D:5)
  A hound skeleton (D:5)
  A worker ant zombie (D:5)
  13 adders
  A shadow imp (D:7)
  An ooze (D:3)
  An adder zombie (D:1)
  A worm (D:6)
  3 dart slugs
  7 giant geckos
  18 orcs
  5 giant cockroaches
  5 goblins
  9 hobgoblins
  10 jackals
  2 quokkas
  4 ball pythons
  A ball python skeleton (D:6)
  A ball python zombie (D:1)
  8 bats
  A giant gecko skeleton (D:5)
  6 giant newts
  11 kobolds
  A quokka zombie (D:8)
  9 rats
174 creatures vanquished.

Vanquished Creatures (collateral kills)
  A black bear (D:8)
  A scorpion (D:5)
  A killer bee (D:7)
  A howler monkey (D:5)
  An iguana (D:6)
  An orc (D:6)
6 creatures vanquished.

Vanquished Creatures (others)
  An orc priest (D:6)
  2 orcs (D:6)
3 creatures vanquished.

Grand Total: 183 creatures vanquished

Notes
Turn   | Place    | Note
--------------------------------------------------------------
     0 | D:1      | Kloppie the Demonspawn Berserker began the quest for the Orb.
     0 | D:1      | Reached XP level 1. HP: 18/18 MP: 1/1
   134 | D:1      | Gained mutation: You have sharp fingernails. [demonic ancestry]
   134 | D:1      | Reached XP level 2. HP: 16/24 MP: 2/2
   622 | D:1      | Reached ** piety under Trog
   691 | D:1      | Gained mutation: You are partially covered in sharp spines. [demonic ancestry]
   691 | D:1      | Reached XP level 3. HP: 26/29 MP: 3/3
   844 | D:2      | Reached skill level 1 in Unarmed Combat
   903 | D:2      | Reached XP level 4. HP: 34/37 MP: 4/4
  1094 | D:2      | Found a faded altar to an unknown god.
  1331 | D:3      | Reached skill level 2 in Unarmed Combat
  1334 | D:3      | Gained mutation: You have very sharp fingernails. [demonic ancestry]
  1334 | D:3      | Reached XP level 5. HP: 13/42 MP: 5/5
  1346 | D:3      | Reached skill level 3 in Unarmed Combat
  1640 | D:3      | Gained mutation: A weak demonic guardian rushes to your aid. [demonic ancestry]
  1640 | D:3      | Reached XP level 6. HP: 48/48 MP: 6/6
  1644 | D:3      | Reached *** piety under Trog
  2249 | D:4      | Reached skill level 4 in Unarmed Combat
  2426 | D:4      | Reached XP level 7. HP: 54/54 MP: 7/7
  2596 | D:4      | Noticed fino's ghost (novice GrFi)
  2609 | D:4      | Killed fino's ghost
  2609 | D:4      | Reached skill level 5 in Armour
  2609 | D:4      | Reached skill level 5 in Unarmed Combat
  2610 | D:4      | Found a glowing silver altar of Zin.
  2612 | D:4      | Found a sacrificial altar of Ru.
  2772 | D:5      | Entered Level 5 of the Dungeon
  2772 | D:5      | Found a staircase to the Ecumenical Temple.
  2774 | D:5      | Reached **** piety under Trog
  2855 | D:5      | Noticed Edmund
  2858 | D:5      | Gained mutation: You have claws for hands. [demonic ancestry]
  2858 | D:5      | Reached XP level 8. HP: 60/60 MP: 8/8
  2873 | D:5      | Killed Edmund
  3040 | D:5      | Reached skill level 6 in Unarmed Combat
  3758 | D:6      | HP: 4/90 [orc warrior/battleaxe (9)]
  3763 | D:6      | HP: 2/90 [orc wizard/dagger (1)]
  3860 | D:6      | Reached skill level 7 in Unarmed Combat
  4428 | D:7      | Reached XP level 9. HP: 56/65 MP: 9/9
  5042 | D:8      | Reached skill level 5 in Fighting
  5250 | D:8      | Reached ***** piety under Trog
  5314 | D:8      | Reached skill level 8 in Unarmed Combat
  5752 | D:8      | Found a staircase to the Lair.
  6223 | D:9      | Noticed a troll
  6235 | D:9      | HP: 1/70 [killer bee (4)]
  6235 | D:9      | Mangled by a troll

Skill      XL: |  1  2  3  4  5  6  7  8  9 |
---------------+----------------------------+-----
Long Blades    | 3 |  3.2
Unarmed Combat | 1 2 3 4 5 7 8 |  8.6
Fighting       | 4 6 |  6.6
Armour         | 2 3 4 5 7 |  7.2
Dodging        | |  1.7

Action                   |  1- 3 |  4- 6 |  7- 9 || total
-------------------------+-------+-------+-------++-------
Melee: Falchion          |    53 |       |       ||    53
       Unarmed           |    61 |   128 |   285 ||   474
       Punch             |       |     3 |     3 ||     6
Invok: Berserk           |       |     2 |     3 ||     5
       Trog's Hand       |       |     1 |     2 ||     3
  Use: Scroll            |       |     6 |    10 ||    16
 Stab: Distracted        |       |       |     1 ||     1
  Eat: Chunk             |       |     7 |    16 ||    23
Armor: Leather armour    |    18 |       |       ||    18
       Animal skin       |     1 |       |       ||     1
       Ring mail         |    17 |       |       ||    17
       Scale mail        |       |    45 |    23 ||    68
       Chain mail        |       |       |   117 ||   117
Dodge: Dodged            |    60 |    51 |   108 ||   219
